 Dungeon Crawl Stone Soup version 0.22.0-78-g6c94d2c (webtiles) character file.

59 Stendarr the Gusty (level 4, -3/32 HPs)
             Began as a Human Air Elementalist on Sept 16, 2018.
             Slain by Terence
             ... wielding a +2 falchion of electrocution
              (10 damage)
             ... on level 2 of the Dungeon.
             The game lasted 00:07:07 (1331 turns).

Stendarr the Gusty (Human Air Elementalist)         Turns: 1331, Time: 00:07:08

Health: -3/32      AC:  2    Str:  9    XL:     4   Next: 22%
Magic:  3/7        EV: 13    Int: 16    God:
Gold:   36         SH:  0    Dex: 13    Spells: 6/7 levels left

rFire    . . .     SeeInvis .   d - +2 dagger (speed)
rCold    . . .     Gourm    .   (no shield)
rNeg     . . .     Faith    .   a - +0 robe
rPois    .         Spirit   .   (no helmet)
rElec    .         Reflect  .   (no cloak)
rCorr    .         Harm     .   (no gloves)
MR       .....                  (no boots)
Stlth    +.........             (no amulet)
HPRegen  0.10/turn              h - ring of attention (curse)
MPRegen  0.10/turn              (no ring)

@: no status effects
A: no striking features
a: no special abilities


You were on level 2 of the Dungeon.
You were hungry.

You visited 1 branch of the dungeon, and saw 2 of its levels.

You collected 36 gold pieces.

Inventory:

Hand Weapons
 d - a +2 dagger of speed (weapon)
Armour
 a - a +0 robe (worn)
Jewellery
 h - a cursed ring of attention (left hand)
Potions
 e - a potion of berserk rage {unknown}
 f - a potion of lignification {unknown}
 g - a potion of agility {unknown}
Comestibles
 b - a chunk of flesh
 c - 2 rations


   Skills:
 + Level 1.3 Fighting
 + Level 2.5 Dodging
 - Level 2.0 Stealth
 - Level 2.0 Spellcasting
 * Level 2.4 Conjurations
 + Level 3.4 Air Magic


You had 6 spell levels left.
You knew the following spells:

 Your Spells              Type           Power        Failure   Level  Hunger
a - Shock                 Conj/Air       ##..         6%          1    #......

Your spell library contained the following spells:

 Spells                   Type           Power        Failure   Level  Hunger
 Swiftness                Chrm/Air       #.......     16%         2    ###....
 Static Discharge         Conj/Air       ##......     19%         3    ###....
 Airstrike                Air            ##........   45%         4    #####..
 Lightning Bolt           Conj/Air       ##........   87%         5    ######.


Dungeon Overview and Level Annotations

Branches:
Dungeon (2/15)

Altars:

Annotations:
D:2 Terence


Message History

Terence hits you with a falchion of electrocution.
You closely miss Terence.
Terence is lightly wounded.
You hit Terence but do no damage.
Terence is lightly wounded.
Terence hits you with a falchion of electrocution.
You are electrocuted!
* * * LOW HITPOINT WARNING * * *
Casting: Shock (safe; 6% risk of failure)
Confirm with . or Enter, or press ? or * to list all spells.
Okay, then.
Terence screams, "I want your blood!"
Terence is nearby!
You are feeling hungry.
Your magical contamination has completely faded away.
There is an escape hatch in the ceiling here.
Terence hits you with a falchion of electrocution.
* * * LOW HITPOINT WARNING * * *
You are electrocuted!
You die...

###### ###########
##.....## #.........###
##......).
#...........###.........
#.........#.............
######.@)...###.........
#.@....# #.........
#......# #.<.......
#......# #.........
#......# ##........
#......#####.....##
#........## #######
#.........#########
###.####...........


You could see Terence.

Vanquished Creatures
  2 adders (D:2)
  A dart slug (D:1)
  A leopard gecko (D:1)
  4 bats (D:1)
  2 giant cockroaches (D:1)
  6 hobgoblins
  2 jackals (D:2)
  2 frilled lizards
  6 goblins
  3 kobolds (D:1)
  8 rats
37 creatures vanquished.

Notes
Turn   | Place    | Note
-------+----------+-------------------------------------------
     0 | D:1      | Stendarr the Human Air Elementalist began the quest for the
                  | Orb.
     0 | D:1      | Reached XP level 1. HP: 13/13 MP: 3/3
   393 | D:1      | Reached XP level 2. HP: 16/20 MP: 3/5
   742 | D:1      | Reached XP level 3. HP: 22/25 MP: 0/6
   853 | D:1      | Reached skill level 1 in Fighting
  1174 | D:2      | Reached XP level 4. HP: 32/32 MP: 3/7
  1269 | D:2      | Noticed Terence
  1331 | D:2      | Slain by Terence

Skill      XL: |  1  2  3 |
---------------+----------+-----
Conjurations   | 2 |  2.4
Fighting       | 1 |  1.3
Dodging        | |  2.5
Stealth        | |  2.0
Spellcasting   | |  2.0
Air Magic      | |  3.4

Action                   |  1- 3 |  4- 6 || total
-------------------------+-------+-------++-------
Melee: Dagger            |    46 |    11 ||    57
       Unarmed           |     3 |       ||     3
 Cast: Shock             |    51 |    10 ||    61
  Use: Scroll            |     2 |       ||     2
  Eat: Chunk             |     2 |       ||     2
Armor: Robe              |    14 |     6 ||    20
Dodge: Dodged            |    50 |    11 ||    61
